Match 46738959
Unlisted

Match 46738959
End
Scout Squad
Selects Airborne Battlegroup
Selects Heavy Machine Gun Paradrop
Heavy Machine Gun Paradrop
Engineer Squad
Engineer Squad
Construct Medical Station
Heavy Machine Gun Paradrop
Infantry Support Center
Construct Weapon Support Center
M3 Armored Personnel Carrier
Selects Recon Loiter
Selects Supply Drop
Supply Drop
M3 Armored Personnel Carrier
Selects Paratrooper Squad Paradrop
Paratrooper Squad Paradrop
Paratrooper Squad Paradrop
Supply Drop
Construct Tank Depot
Recon Loiter
Paratrooper Squad Paradrop
Selects Anti-tank Gun Team Paradrop
Selects Dual P-47 Rocket Strike
Supply Drop
M4(105) Sherman Bulldozer
Bego
aSIIDemolitionHammer
✠Kaiser✠ tushkan
✠Kaiser✠ HansLanda✠
0
0

Comments sign in to comment!

No comments posted yet!